 Dungeon Crawl Stone Soup version 0.29.1-14-g9c671dbff4 (webtiles) character file.

Game seed: 4202935672464536271

39 Heoruswealwe the Caller (level 3, 0/19 HPs)
             Began as a Deep Elf Summoner on Feb 13, 2023.
             Slain by a basilisk (9 damage)
             ... created by the adversity of Qazlal
             ... on level 2 of the Dungeon.
             The game lasted 00:16:34 (1144 turns).

Heoruswealwe the Caller (Deep Elf Summoner)         Turns: 1144, Time: 00:16:34

Health: 0/19       AC:  2    Str:  5    XL:     3   Next: 26%
Magic:  8/9        EV:  6    Int: 21    God:
Gold:   57         SH:  0    Dex: 15    Spells: 7/8 levels left

rFire   . . .      SeeInvis .   k - +1 short sword (vamp)
rCold   . . .      Faith    .   (no shield)
rNeg    . . .      Spirit   .   a - +0 robe
rPois   .          Reflect  .   (no helmet)
rElec   .          Harm     .   (no cloak)
rCorr   .          Rampage  .   (no gloves)
Will    .....                   (no boots)
Stlth   ++........              m - amulet of the acrobat
HPRegen 0.06/turn               (no ring)
MPRegen 0.11/turn               (no ring)

@: petrifying (expiring), very slow
A: no striking features
a: no special abilities


You were on level 2 of the Dungeon.
You visited 1 branch of the dungeon, and saw 2 of its levels.

You collected 57 gold pieces.

Inventory:

Hand Weapons
 d - a +0 club
 e - a +0 club
 k - a +1 vampiric short sword (weapon)
 q - a +0 dagger
 u - a +0 spear
 v - a +0 whip
Missiles
 c - 27 stones
Armour
 a - a +0 robe (worn)
 h - a +0 robe
 l - a +0 robe
 o - a +0 robe
 p - a +0 leather armour
 r - a +0 leather armour
 t - a +0 robe
Jewellery
 m - an amulet of the acrobat (around neck)
Potions
 b - a potion of magic
 f - a potion of curing {unknown}
 g - a potion of resistance {unknown}
 i - a potion of lignification {unknown}
 j - 3 potions of might {unknown}
 n - 2 potions of heal wounds {unknown}
 s - 4 potions of flight {unknown}


   Skills:
 + Level 0.0 Fighting
 + Level 0.5 Long Blades
 + Level 2.4 Dodging
 + Level 2.4 Stealth
 * Level 3.2 Spellcasting
 + Level 0.3 Conjurations
 + Level 0.1 Hexes
 * Level 4.6 Summonings
 + Level 0.7 Necromancy
 + Level 0.2 Translocations
 + Level 0.2 Transmutations
 + Level 0.5 Fire Magic
 + Level 0.3 Ice Magic
 + Level 0.1 Air Magic
 + Level 0.7 Earth Magic
 + Level 0.1 Poison Magic
 + Level 0.3 Invocations
 + Level 0.5 Evocations


You had 7 spell levels left.
You knew the following spells:

 Your Spells              Type           Power      Damage    Failure   Level
a - Summon Small Mammal   Summ           88%        N/A       1%          1

Your spell library contained the following spells:

 Spells                   Type           Power      Damage    Failure   Level
 Call Imp                 Summ           22%        N/A       3%          2
 Call Canine Familiar     Summ           22%        N/A       6%          3
 Summon Guardian Golem    Hex/Summ       13%        N/A       14%         3
 Inner Flame              Hex/Fire       4%         N/A       34%         3
 Summon Lightning Spire   Summ/Air       13%        N/A       43%         4
 Cause Fear               Hex            2%         N/A       77%         4
 Discord                  Hex            2%         N/A       100%        8


Dungeon Overview and Level Annotations

Branches:
Dungeon (2/15)

Altars:
Qazlal

Shops:
D:1 (


Message History

The basilisk hisses menacingly.
Your limbs are stiffening.
Your bat hits the basilisk. x2; Your quokka barely misses the basilisk.
The basilisk gazes at you. You resist with significant effort.
Your quokka bites the basilisk.
Your bat hits the basilisk but does no damage.
You have turned to stone.
The basilisk bites your bat!
Your bat dies!
Your bat's corpse disappears in a puff of smoke!
Your quokka closely misses the basilisk.
The basilisk gazes at you.
Your quokka barely misses the basilisk.
The basilisk gazes at you. You resist with significant effort.
Your quokka bites the basilisk but does no damage.
Your quokka bites the basilisk.
The basilisk bites you!
Your quokka bites the basilisk but does no damage.
The basilisk bites you.
Your quokka bites the basilisk.
The basilisk bites you but does no damage.
Your quokka closely misses the basilisk.
The basilisk bites you!
Your quokka barely misses the basilisk.
The basilisk gazes at you.
Your quokka barely misses the basilisk.
You turn to flesh and can move again.
Casting: Summon Small Mammal (safe; 1% risk of failure)
Confirm with . or Enter, or press ? or * to list all spells.
Your quokka barely misses the basilisk.
The basilisk gazes at you.
You are slowing down.
Your quokka misses the basilisk.
Your quokka bites the basilisk.
Your limbs are stiffening.
You hit the basilisk.
You feel better.
The basilisk is moderately wounded.
Your quokka disappears in a puff of smoke!
Your quokka closely misses the basilisk.
The basilisk bites you!
You die...

#...# #.# #..## ##...#
#.# ##.## #....# #.#
##..# ##....###.##
#..## ##..........#
#.## #..#...###..##
##.#
#............####..#
#########....r.##.##
#####
###....§l@..#####...#
#...####............#
#.### ##...#####...#
##.# ##### ##....#
##..# ####.....# #..##
#####....#...#
.#####.##
###.....########
.......# #...######
.###..#######.###....#


You could see a basilisk (ally target) and a friendly quokka (summoned).

Vanquished Creatures
  An endoplasm (D:2)
  A quokka (D:2)
  2 rats (D:1)
4 creatures vanquished.

Vanquished Creatures (collateral kills)
  A worm (D:2)
  2 dart slugs
  3 endoplasms
  4 giant cockroaches
  A goblin (D:1)
  3 hobgoblins
  2 jackals (D:1)
  3 kobolds
  A quokka (D:1)
  2 ball pythons
  2 rats (D:1)
24 creatures vanquished.

Grand Total: 28 creatures vanquished

Notes
Turn   | Place    | Note
-------+----------+-------------------------------------------
     0 | D:1      | Heoruswealwe the Deep Elf Summoner began the quest for the
                  | Orb.
     0 | D:1      | Reached XP level 1. HP: 10/10 MP: 6/6
   178 | D:1      | Reached XP level 2. HP: 15/15 MP: 6/8
   232 | D:1      | Found a faded altar of an unknown god.
   348 | D:1      | Found Roel's Antique Weapon Emporium.
   839 | D:1      | Prayed at the altar of an unknown god.
   839 | D:1      | Became a worshipper of Qazlal Stormbringer
   839 | D:1      | Reached * piety under Qazlal
   840 | D:1      | Fell from the grace of Qazlal
   952 | D:2      | Reached XP level 3. HP: 12/19 MP: 9/9
  1117 | D:2      | Noticed a basilisk
  1144 | D:2      | Slain by a basilisk

Illustrated notes

Levels and vault maps discovered:
D:1:      nicolae_arrival_memento_mori, layout_loops_ring,
          ebering_ecumenical_altar_box, serial_shops,
          nicolae_shop_competitors_out_of_business
D:2:      layout_rooms, uniq_terence, uniq_sigmund

Action                   || total
-------------------------++-------
Melee: Short sword       ||    19
 Cast: Summon Small Mamm ||    32
Invok: Renounce Religion ||     1
 Stab: Sleeping          ||     1
Armor: Robe              ||     5
Dodge: Dodged            ||    11
